Map: [ESL] Cosmic Sapphire

Players

SKillous

  • Race: Protoss Protoss
  • Spawn Location: 5:00

Serral - Winner!

  • Race: Zerg Zerg
  • Spawn Location: 11:00

Event: DreamHack SC2 Masters 2022 Atlanta (Online)

VOD

Have the link to the VOD?

Description

Time

  • Played on: Oct. 14, 2022, 12:39 p.m.
  • Length: 10:36

All games in this series

Show
View Real Time Build Order
Export as new Build Order

SKillous Protoss 

Build Orders: 1 Gate Expand, Oracle Opening 

Get SALT Encoding   

  12  0:00  Probe  
  13  0:12  Probe  
  14  0:18  Pylon  
  14  0:24  Probe  
  15  0:36  Probe (Chrono Boost)  
  15  0:40  Gateway  
  16  0:46  Probe (Chrono Boost), Assimilator  
  17  0:51  Probe (Chrono Boost)  
  18  1:03  Probe  
  19  1:15  Probe  
  20  1:24  Nexus  
  20  1:35  Cybernetics Core  
  20  1:37  Probe  
  21  1:43  Assimilator  
  21  1:50  Probe  
  21  1:53  Pylon  
  22  2:02  Probe (Chrono Boost)  
  23  2:11  Adept  
  23  2:14  Probe (Chrono Boost)  
  26  2:16  Stargate  
  26  2:21  Probe (Chrono Boost)  
  27  2:23  Warp Gate  
  28  2:31  Probe (Chrono Boost)  
  28  2:36  Probe (Chrono Boost)  
  33  2:45  Probe x2 (Chrono Boost)  
  33  2:48  Stalker  
  33  2:50  Probe (Chrono Boost)  
  33  2:52  Probe  
  33  2:57  Oracle (Chrono Boost)  
  35  3:02  Probe  
  35  3:05  Probe  
  40  3:07  Pylon  
  40  3:14  Probe  
  40  3:17  Probe  
  42  3:25  Oracle (Chrono Boost)  
  42  3:26  Probe  
  46  3:29  Probe  
  47  3:36  Nexus  
  47  3:38  Probe  
  48  3:41  Pylon  
  48  3:43  Probe  
  49  3:50  Probe  
  49  3:51  Assimilator  
  50  3:56  Oracle  
  50  3:58  Probe  
  50  4:00  Gateway  
  50  4:02  Probe  
  55  4:10  Probe  
  55  4:13  Twilight Council  
  55  4:16  Gateway  
  56  4:19  Gateway  
  56  4:20  Probe  
  56  4:23  Pylon  
  57  4:25  Probe  
  57  4:31  Stalker  
  60  4:33  Probe  
  60  4:37  Probe (Chrono Boost)  
  63  4:48  Shield Battery  
  63  4:49  Probe x2 (Chrono Boost)  
  63  4:52  Blink (Chrono Boost)  
  65  4:55  Probe (Chrono Boost)  
  65  4:59  Probe (Chrono Boost)  
  67  5:00  Probe (Chrono Boost)  
  67  5:03  Probe (Chrono Boost)  
  68  5:09  Probe  
  69  5:16  Probe x2, Stalker x3  
  69  5:17  Forge, Stalker  
  69  5:18  Pylon  
  80  5:21  Probe  
  80  5:25  Pylon  
  80  5:28  Probe x2  
  82  5:33  Probe  
  83  5:36  Protoss Ground Weapons Level 1 (Chrono Boost), Pylon  
  83  5:41  Stalker  
  86  5:44  Stalker x3  
  91  5:53  Pylon  
  91  6:07  Gateway  
  91  6:08  Gateway  
  91  6:09  Stalker x3  
  91  6:10  Stalker  
  99  6:12  Probe  
  99  6:13  Pylon  
  100  6:21  Probe  
  101  6:27  Pylon  
  101  6:30  Probe  
  102  6:34  Nexus  
  102  6:35  Stalker x4, Pylon  
  108  6:44  Charge (Chrono Boost)  
  108  6:46  Gateway, Pylon x2  
  109  6:47  Probe  
  109  6:51  Probe x2  
  111  6:58  Pylon  
  111  7:00  Pylon  
  111  7:06  Stalker x3  
  111  7:07  Shield Battery, Nexus  
  111  7:08  Stalker  
  119  7:11  Probe  
  119  7:12  Pylon  
  118  7:16  Probe  
  118  7:21  Pylon  
  117  7:24  Zealot x2  
  117  7:25  Probe x2  
  117  7:28  Probe  
  124  7:30  Zealot x3  
  124  7:31  Zealot  
  132  7:41  Zealot  
  127  7:50  Zealot x2  
  127  7:51  Zealot x4  
  128  7:57  Protoss Ground Weapons Level 2 (Chrono Boost)  
  111  8:01  Probe x2  
  111  8:02  Zealot  
  107  8:07  Gateway  
  107  8:08  Probe  
  107  8:12  Stalker x6  
  120  8:15  Assimilator  
  120  8:16  Probe  
  120  8:18  Assimilator  
  118  8:24  Stalker  
  118  8:26  Probe  
  120  8:27  Shield Battery  
  120  8:28  Probe  
  120  8:31  Nexus  
  120  8:33  Pylon  
  121  8:35  Pylon  
  121  8:36  Stalker x2  
  121  8:38  Stalker  
  126  8:46  Zealot x3  
  132  9:01  Probe x2  
  132  9:02  Shield Battery  
  134  9:04  Probe  
  134  9:07  Zealot, Templar Archives  
  134  9:08  Zealot x4  
  145  9:16  Nexus  
  143  9:17  Shield Battery  
  143  9:20  Shield Battery  
  143  9:22  Stalker x2  
  147  9:31  Stalker x3  
  151  9:32  Sentry  
  153  9:45  Zealot, High Templar x2, Assimilator  
  157  9:50  Assimilator  
  157  9:51  Shield Battery  
  157  9:52  Archon, Pylon  
  159  9:53  Shield Battery  
  159  9:59  High Templar x2  
  163  10:01  Zealot  
  163  10:05  Pylon  
  163  10:06  Archon  
  165  10:12  Zealot x2  
  153  10:18  Zealot x2  
  102  10:22  Zealot  
  102  10:27  Pylon  
  100  10:31  Stalker  
Show
View Real Time Build Order
Export as new Build Order

Serral Zerg - Winner!

Build Orders: Hatch First 

Get SALT Encoding   

  12  0:00  Drone  
  13  0:12  Overlord  
  13  0:16  Drone  
  14  0:30  Drone x2  
  16  0:48  Hatchery  
  15  0:51  Drone  
  15  0:55  Drone  
  17  0:58  Drone  
  18  1:09  Extractor  
  17  1:13  Spawning Pool  
  17  1:16  Drone  
  17  1:19  Drone  
  18  1:27  Drone  
  19  1:39  Drone  
  20  1:50  Overlord  
  20  2:01  Queen x2  
  20  2:02  Zergling x4  
  26  2:10  Drone  
  26  2:11  Drone  
  26  2:12  Metabolic Boost  
  28  2:21  Drone x2  
  30  2:34  Hatchery  
  30  2:36  Drone  
  30  2:38  Drone  
  31  2:45  Queen  
  31  2:50  Overlord  
  33  2:52  Drone  
  33  2:54  Drone  
  33  2:56  Drone  
  36  3:03  Overlord  
  36  3:08  Queen  
  36  3:10  Drone x2  
  36  3:12  Drone  
  41  3:14  Drone  
  41  3:16  Drone  
  43  3:21  Queen  
  43  3:24  Drone  
  45  3:27  Drone  
  46  3:35  Overlord  
  46  3:41  Drone x3  
  47  3:43  Zergling x2  
  47  3:44  Zergling x2  
  51  3:49  Queen, Drone  
  51  3:53  Spore Crawler x2, Drone  
  51  3:54  Drone  
  54  3:56  Drone  
  54  3:59  Zergling x2  
  54  4:02  Drone x3  
  59  4:07  Evolution Chamber  
  58  4:11  Zergling x2, Overlord  
  58  4:14  Drone x3  
  62  4:17  Zergling x2  
  62  4:19  Drone  
  64  4:25  Drone x2  
  64  4:30  Drone x2  
  64  4:31  Roach Warren  
  67  4:33  Zerg Melee Weapons Level 1  
  67  4:34  Zergling x2  
  67  4:35  Drone  
  67  4:36  Overlord  
  69  4:40  Drone x2  
  69  4:43  Overlord  
  71  4:47  Extractor  
  71  4:48  Drone  
  71  4:53  Evolution Chamber  
  71  4:54  Drone x2  
  71  4:57  Spore Crawler, Drone x2  
  71  4:58  Drone  
  75  5:02  Drone  
  75  5:04  Drone, Hatchery  
  75  5:05  Drone  
  78  5:09  Drone x5  
  78  5:12  Drone  
  78  5:13  Drone x2  
  82  5:16  Overlord  
  82  5:18  Lair  
  82  5:20  Extractor  
  82  5:21  Extractor  
  80  5:22  Zergling x2  
  80  5:23  Drone x2  
  80  5:24  Drone  
  80  5:28  Overlord  
  84  5:30  Extractor  
  84  5:32  Queen  
  84  5:34  Overlord  
  85  5:40  Zergling x4  
  85  5:44  Drone x4  
  85  5:46  Spore Crawler  
  85  5:47  Extractor  
  87  5:51  Zergling x10  
  87  5:55  Drone  
  87  5:56  Overlord  
  93  5:58  Zergling x6  
  93  6:02  Zergling x2  
  93  6:03  Overlord  
  98  6:06  Zergling x2  
  98  6:09  Queen  
  101  6:12  Roach x3  
  101  6:13  Roach  
  101  6:14  Overlord  
  101  6:17  Overlord  
  109  6:20  Overlord  
  109  6:21  Glial Reconstitution  
  109  6:22  Roach x2  
  109  6:23  Roach  
  109  6:24  Zergling x4  
  116  6:28  Zergling x2  
  116  6:29  Zergling x6  
  120  6:33  Ravager x4  
  120  6:34  Zerg Melee Weapons Level 2  
  124  6:40  Zergling x14  
  124  6:44  Overlord  
  130  6:51  Drone  
  130  6:52  Baneling Nest, Overlord  
  130  6:56  Drone x7  
  130  7:00  Roach x2  
  140  7:12  Roach  
  140  7:13  Zergling x4, Roach  
  146  7:18  Zergling x14  
  151  7:23  Overlord x3  
  151  7:27  Zergling x8  
  155  7:30  Overlord  
  155  7:34  Zergling x4  
  157  7:40  Zergling x2  
  157  7:41  Zergling x8  
  157  7:43  Hatchery  
  150  7:45  Zergling x4  
  150  7:47  Zergling x8  
  142  7:52  Zergling x6, Centrifugal Hooks  
  142  7:56  Zergling x10  
  142  7:57  Baneling  
  140  8:01  Roach x2  
  142  8:06  Roach x4  
  142  8:10  Roach  
  142  8:11  Roach x2  
  155  8:15  Overlord  
  155  8:19  Zergling x8  
  159  8:20  Zergling x4  
  155  8:31  Drone x2  
  155  8:33  Infestation Pit  
  155  8:34  Zergling x16, Evolution Chamber  
  154  8:39  Baneling x6  
  154  8:40  Baneling x2  
  162  8:45  Baneling x2  
  162  8:46  Zergling x20  
  172  8:49  Overlord  
  172  8:51  Zergling x6  
  172  8:52  Hatchery, Ravager  
  175  8:56  Drone  
  175  8:58  Zergling x8  
  175  9:01  Overlord  
  175  9:02  Pneumatized Carapace  
  178  9:05  Zergling x4  
  180  9:11  Zergling x10  
  180  9:15  Hive  
  178  9:17  Drone  
  178  9:18  Spore Crawler  
  178  9:22  Zergling x18  
  178  9:23  Zergling x2  
  183  9:29  Zergling x10  
  188  9:37  Drone x5  
  190  9:41  Drone x3  
  190  9:42  Baneling x18  
  193  9:48  Baneling x6  
  193  9:49  Drone x2  
  193  9:52  Zergling x6  
  198  9:56  Drone  
  198  10:00  Drone  
  198  10:02  Spore Crawler, Baneling x4  
  197  10:08  Zergling x2  
  197  10:09  Zergling x4  
  197  10:11  Spore Crawler  
  197  10:12  Zergling x16  
Tags
 
Add a new tag
Caveats
  • Supply blocks, unpowered buildings, or Contaminate may cause inaccurate times.
  • Supply counts are checked every 10 seconds.